[Event "EU-ch 12th"]
[Site "Aix les Bains"]
[Date "2011.03.26"]
[Round "5"]
[White "Smirin, Ilia"]
[Black "Vocaturo, Daniele"]
[Result "1/2-1/2"]
[ECO "C82"]
[WhiteElo "2658"]
[BlackElo "2564"]
[Annotator "Fine/Primel,D"]
[PlyCount "60"]
[EventDate "2011.03.22"]
[EventType "swiss"]
[EventRounds "11"]
[EventCountry "FRA"]
[SourceTitle "CBM 142 Extra"]
[Source "ChessBase"]
[SourceDate "2011.06.27"]
[SourceVersion "1"]
[SourceVersionDate "2011.06.27"]
[SourceQuality "1"]
[TimeControl "40/5400+30:1800+30"]

1. e4 e5 2. Nf3 Nc6 3. Bb5 a6 4. Ba4 Nf6 5. O-O Nxe4 6. d4 b5 7. Bb3 d5 8. dxe5
Be6 9. Nbd2 (9. c3 Bc5 10. Nbd2 O-O 11. Bc2 Nxd2 (11... Nxf2) (11... f5 12. Nb3
Bb6 13. Nfd4 Nxd4 14. Nxd4 Bxd4 15. cxd4 f4 16. f3 Ng3 17. hxg3 fxg3 18. Qd3
Bf5 19. Qxf5 Rxf5 20. Bxf5 Qh4 21. Bh3 Qxd4+ 22. Kh1 Qxe5 23. Bd2) 12. Qxd2 $1
Ne7 13. b4 Bb6 14. Ng5 Bf5 15. Bxf5 Nxf5 16. Qd3 g6 17. e6 $36 {Smyslov,
V-Ragozin,V URS-ch13 Moscow 1944 (4) 1-0} (17. Rd1 c6 18. Qh3 h5 (18... h6) 19.
Ne4 dxe4 $1 20. Rxd8 Raxd8 21. Bg5 Rd3 $44 {Ragozin})) (9. Qe2 Nc5 (9... Bc5)
10. Rd1 Nxb3 (10... Be7 11. c4 d4 $132) 11. axb3 Be7 (11... Qc8 12. c4 dxc4 13.
bxc4 Bxc4 14. Qe4 $36 Nb4 15. Bg5 h6 {Petrosian,T-Lilienthal,A Moscow exh 1957
1-0} (15... Bc5 16. Na3 O-O {Smyslov} (16... Bb3 17. Rd2) 17. Nxc4 bxc4 18.
Qxc4) (15... c6 $5 16. Rd8+ Qxd8 17. Bxd8 Rxd8 $44 {Smyslov})) 12. c4 O-O 13.
Nc3 Nb4 14. Be3 c6 15. Rac1 Qb8) 9... Be7 (9... Nc5 10. c3 Bg4 11. Bc2 Ne6 12.
Re1 Bc5 13. Nf1 Bh5 14. Ng3 Bg6 15. Bb3 Ne7 16. h4 h6 (16... h5 17. Nd4 ) 17. h5 Bh7 18. Nd4 Bxd4 19. cxd4 O-O 20. Qg4 $14 ) (
9... Bc5 10. c3 O-O 11. Bc2 Nxf2 12. Rxf2 f6 13. exf6 Qxf6 (13... Bxf2+) 14.
Qf1 Bg4 15. Kh1 {Smyslov,V-Botvinnik,M Moscow-ch 23th 1943 1-0} (15. Qd3 Qf5 (
15... Bxf2+ 16. Kxf2 g6 17. Qxd5+ Kh8 18. Be4) 16. Qxf5 Bxf5 17. Bxf5 Bxf2+ 18.
Kxf2 Rxf5 19. Kg1 Re8 20. Nf1 $14 {Fine}) (15. h3 Be6 (15... Bxf2+ 16. Qxf2
Bxf3 17. Qxf3 $16 {Fine}) 16. Nb3 Bxf2+ 17. Qxf2 Ne5 18. Nbd4 c5 $2 (18...
Nxf3+ 19. Nxf3) 19. Bg5 $40 {Fine})) 10. c3 Nc5 11. Bc2 Bg4 12. Re1 O-O 13. Nf1
Re8 14. h3 Bxf3 $5 $146 {Curieusement ce coup naturel est une nouveauté alors
que les Noirs obtiennent assez facilement l'égalité} (14... Bh5 15. Ng3 Bg6 16.
Nf5 Bf8 (16... Ne4) 17. Bf4 Qd7 18. N3h4 Rad8 19. Nxg6 hxg6 20. Nd4 Nxd4 21.
cxd4 Ne6 22. Bg3 c5 23. dxc5 Bxc5 24. Bd3 {1/2-1/2 Svidler,P (2723)-Jussupow,A
(2583)/Germany 2004/CBM 100}) 15. Qxf3 Bf6 $1 $11 {La pointe} 16. Bf4 (16. exf6
Rxe1 17. fxg7 Ne4 18. Rb1 Ne5 $36) 16... Nxe5 17. Bxe5 Bxe5 18.
Bxh7+ Kxh7 19. Qh5+ Kg8 20. Rxe5 c6 21. Ng3 Rxe5 22. Qxe5 Qd7 23. Nf5 f6 24.
Qe7 Qxf5 25. Qxc5 Qe6 26. a4 bxa4 (26... Re8 27. axb5
axb5 28. Ra6 Qe1+ 29. Kh2 Qe5+) 27. Rxa4 Rb8 28. b4 Rb5 29. Qd4 c5 30. bxc5 Qc6 1/2-1/2